 Dungeon Crawl Stone Soup version 0.31.0-32-g396128a36d (webtiles) character file.

Game seed: 3074723575870473351

60 PaiMei the Gusty (level 4, -1/25 HPs)
             Began as a Tengu Air Elementalist on Mar 19, 2024.
             Slain by an ice beast (6 damage)
             ... on level 3 of the Dungeon.
             The game lasted 00:03:07 (2522 turns).

PaiMei the Gusty (Tengu Air Elementalist)           Turns: 2522, Time: 00:03:08

Health: -1/25      AC:  2    Str:  8    XL:     4   Next: 4%
Magic:  10/17      EV: 12    Int: 18    God:
Gold:   101        SH:  0    Dex: 14    Spells: 5/8 levels left

rFire   . . .        i - +2 whip (freeze)
rCold   . . .        (no shield)
rNeg    . . .        a - +0 robe
rPois   .            (helmet restricted)
rElec   .            (no cloak)
rCorr   .            (no gloves)
SInv    .            (boots unavailable)
Will    .....        (no amulet)
Stlth   ++           k - ring of magical power
HPRegen 0.24/turn    (no ring)
MPRegen 0.15/turn

%: acrobat
@: no status effects
A: beak, talons 3, acrobatic
a: no special abilities


You were on level 3 of the Dungeon.
You visited 1 branch of the dungeon, and saw 3 of its levels.

You collected 101 gold pieces.

Inventory:

Hand Weapons
 i - a +2 whip of freezing (weapon)
Missiles
 h - 9 poisoned darts (quivered)
Armour
 a - a +0 robe (worn)
Jewellery
 k - a ring of magical power (left hand)
Scrolls
 c - a scroll of fear {unknown}
 d - 2 scrolls of enchant armour {unknown}
 e - a scroll of teleportation {unknown}
 f - 2 scrolls of identify {unknown}
 j - 2 scrolls of amnesia {unknown}
Potions
 b - a potion of magic
 g - 5 potions of curing {unknown}
 l - 2 potions of might {unknown}
 m - a potion of heal wounds {unknown}


   Skills:
 + Level 1.1 Fighting
 + Level 2.8 Dodging
 - Level 2.2 Stealth
 + Level 2.5 Spellcasting
 + Level 2.4 Conjurations
 + Level 4.5 Air Magic


You had 5 spell levels left.
You knew the following spells:

 Your Spells              Type           Power      Damage    Failure   Level
a - Shock                 Conj/Air       56%        1d6       4%          1
b - Static Discharge      Conj/Air       28%        3-5/arc   6%          2

Your spell library contained the following spells:

 Spells                   Type           Power      Damage    Failure   Level
 Swiftness                Air            18%        N/A       8%          3
 Airstrike                Air            9%         2d(2-18)  26%         4


Dungeon Overview and Level Annotations

Branches:
Dungeon (3/15)

Altars:

Annotations:
D:3 Terence


Innate Abilities, Weirdness & Mutations

You have a beak for a mouth.
You have claws for feet.
You can magically evade attacks while moving or waiting.


Message History

Aiming: Shock (safe; 4% risk of failure)
Press: ? - help, Shift-Dir - straight line, f - ice beast
Aim: an ice beast (lightly wounded, 71% to hit)
The zap hits the ice beast.
The ice beast is lightly wounded.
The ice beast barely misses you.
Casting: Shock (safe; 4% risk of failure)
Confirm with . or Enter, or press ? or * to list all spells.
Aiming: Shock (safe; 4% risk of failure)
Press: ? - help, Shift-Dir - straight line, f/p - ice beast
Aim: an ice beast (lightly wounded, 71% to hit)
The zap hits the ice beast.
The ice beast is moderately wounded.
The ice beast closely misses you.
Casting: Shock (safe; 4% risk of failure)
Confirm with . or Enter, or press ? or * to list all spells.
Aiming: Shock (safe; 4% risk of failure)
Press: ? - help, Shift-Dir - straight line, f/p - ice beast
Aim: an ice beast (moderately wounded, 71% to hit)
The zap misses the ice beast.
The ice beast closely misses you.
Casting: Shock (safe; 4% risk of failure)
Confirm with . or Enter, or press ? or * to list all spells.
Aiming: Shock (safe; 4% risk of failure)
Press: ? - help, Shift-Dir - straight line, f/p - ice beast
Aim: an ice beast (moderately wounded, 71% to hit)
The zap hits the ice beast but does no damage.
The ice beast is moderately wounded.
The ice beast hits you. The ice beast freezes you!
Ouch! That really hurt!
Casting: Shock (safe; 4% risk of failure)
Confirm with . or Enter, or press ? or * to list all spells.
Aiming: Shock (safe; 4% risk of failure)
Press: ? - help, Shift-Dir - straight line, f/p - ice beast
Aim: an ice beast (moderately wounded, 71% to hit)
The zap hits the ice beast.
The ice beast is moderately wounded.
The ice beast hits you.
* * * LOW HITPOINT WARNING * * *
The ice beast freezes you.
You die...

#. #..# #..
#..#
###..##..#
.........#
#.##.##.###
# #...# #.
###.#
#...##.###.#
#...Y@...#
########...#
.#


You could see an ice beast.

Vanquished Creatures
  4 dart slugs
  2 ribbon worms (D:2)
  5 ball pythons
  3 endoplasms
  8 giant cockroaches
  4 hobgoblins
  7 kobolds
  3 bats
  4 goblins
  2 rats (D:1)
42 creatures vanquished.

Notes
Turn   | Place    | Note
-------+----------+-------------------------------------------
     0 | D:1      | PaiMei the Tengu Air Elementalist began the quest for the
                  | Orb.
     0 | D:1      | Reached XP level 1. HP: 10/10 MP: 4/4
   142 | D:1      | Reached XP level 2. HP: 11/15 MP: 1/6
   455 | D:1      | Found a faded altar of an unknown god.
   510 | D:1      | Reached XP level 3. HP: 20/20 MP: 3/7
   513 | D:1      | Learned a level 2 spell: Static Discharge
  1783 | D:2      | Reached skill level 1 in Fighting
  2255 | D:3      | Noticed Terence
  2442 | D:3      | Reached XP level 4. HP: 25/25 MP: 8/8
  2514 | D:3      | Noticed an ice beast
  2522 | D:3      | Slain by an ice beast

Illustrated notes

Levels and vault maps discovered:
D:1:      lightli_arrival_statuegarden, layout_basic,
          ebering_ecumenical_altar_rust, serial_forest,
          infiniplex_forest_corner_1, infiniplex_forest_lined_1,
          infiniplex_forest_end_double, infiniplex_forest_corner_2,
          infiniplex_forest_lined_1, st_stairs_2, minmay_worlds_worst_comb
D:2:      layout_rooms
D:3:      layout_basic, mainiacjoe_overflow_chevrons, gup_sewer_entry_pipe,
          chequers_hall_statues_corner_a, uniq_crazy_yiuf_cottage, uniq_terence

Skill      XL: |  1  2  3 |
---------------+----------+-----
Conjurations   | 2 |  2.4
Fighting       | 1 |  1.1
Dodging        | |  2.8
Stealth        | |  2.2
Spellcasting   | |  2.5
Air Magic      | |  4.5

Action                     |  1- 3 |  4- 6 || total
---------------------------+-------+-------++-------
  Melee: Unarmed           |     3 |       ||     3
         Peck              |     5 |       ||     5
         Short sword       |    13 |       ||    13
         Kick              |     2 |       ||     2
         Whip              |     4 |       ||     4
   Cast: Shock             |    81 |     8 ||    89
         Static Discharge  |       |     1 ||     1
 Armour: Robe              |    13 |     4 ||    17
  Dodge: Dodged            |    30 |     3 ||    33
